 Dungeon Crawl Stone Soup version 0.23.1 (webtiles) character file.

Game seed: 63434031290478595

253 Kairos the Sneak (level 6, -5/32 HPs)
             Began as a Vine Stalker Assassin on Mar 10, 2019.
             Slain by a gnoll
             ... wielding a +0 halberd
              (10 damage)
             ... on level 3 of the Dungeon.
             The game lasted 00:03:00 (2047 turns).

Kairos the Sneak (Vine Stalker Assassin)            Turns: 2047, Time: 00:03:02

Health: -5/32      AC:  4    Str: 13    XL:     6   Next: 14%
Magic:  0/7        EV: 12    Int: 11    God:
Gold:   82         SH:  0    Dex: 18    Spells: 5/5 levels left

rFire    + . .     SeeInvis .   a - +2 dagger
rCold    x . .     Gourm    .   (no shield)
rNeg     . . .     Faith    .   q - +0 leather armour
rPois    .         Spirit   +   (no helmet)
rElec    .         Reflect  .   d - +0 cloak
rCorr    .         Harm     .   (no gloves)
MR       .....                  (no boots)
Stlth    +++.......             j - amulet of guardian spirit
HPRegen  0.50/turn              n - ring of fire
MPRegen  0.10/turn              (no ring)

@: no status effects
A: fangs 2, regeneration 1, magic shield, antimagic bite, no potion heal 3, rot
immunity
a: no special abilities


You were on level 3 of the Dungeon.
You were hungry.

You visited 1 branch of the dungeon, and saw 3 of its levels.

You collected 82 gold pieces.

Inventory:

Hand Weapons
 a - a +2 dagger (weapon)
 b - a +0 blowgun
Missiles
 e - 8 poisoned needles
 f - 6 curare-tipped needles
Armour
 d - a +0 cloak (worn)
 q - a +0 leather armour (worn)
Jewellery
 j - an amulet of guardian spirit (around neck)
 n - a ring of fire (left hand)
Scrolls
 h - 3 scrolls of amnesia
 i - 2 scrolls of identify {unknown}
 m - 2 scrolls of remove curse
Potions
 l - 3 potions of heal wounds
Comestibles
 g - 5 rations


   Skills:
 + Level 2.4 Fighting
 + Level 3.2 Short Blades
 + Level 1.7 Throwing
 + Level 1.2 Armour
 + Level 2.0 Dodging
 + Level 6.6 Stealth


You had 5 spell levels left.
You didn't know any spells.
Your spell library was empty.

Dungeon Overview and Level Annotations

Branches:
Dungeon (3/15)

Altars:


Innate Abilities, Weirdness & Mutations

You have extremely sharp teeth.
Your natural rate of healing is unusually fast.
When hurt, damage is shared between your health and your magic reserves.
Your bite disrupts and absorbs the magic of your enemies.
Potions cannot restore your health.
You are immune to rotting.


Message History

You hit the gnoll. Your bite misses the gnoll.
The gnoll is severely wounded.
The gnoll hits you from afar with a +0 halberd.
The gnoll misses you.
You barely miss the gnoll.
The gnoll is severely wounded.
The gnoll hits you with a +0 spear. The gnoll closely misses you.
You hit the gnoll.
The gnoll is almost dead.
You hit the gnoll.
You kill the gnoll!
The gnoll hits you from afar with a +0 halberd!
* * * LOW HITPOINT WARNING * * *
The gnoll closely misses you. The gnoll barely misses you.
Things that are here:
a +0 spear; a gnoll corpse You hit the gnoll.
You bite the gnoll, but do no damage.
The gnoll is moderately wounded.
The gnoll hits you but does no damage. The gnoll hits you with a +0 halberd!
You die...

.#######.#.# ##.#†##.........
.........#.#####.#)##.........
#####.........##.#.##.........
#..........#.#†##.........
#..........#.#)##.........
####..#......#............
#..##.#.#.#.....)......
#...#.#.#.#............
#.#.#.#.#@#...........#
#.#.#.#.#g#)..........#
.......#g#...........#
###.......#...........#
#..<...##.##..........#
#######.....................#
...................#.)......#
........#........###.#######
........#..).....# #.#


You could see 2 gnolls.

Vanquished Creatures
  A howler monkey (D:3)
  An orc wizard (D:3)
  Jessica (D:2)
  6 gnolls (D:3)
  3 adders
  2 oozes
  2 worms (D:3)
  2 leopard geckos
  3 orcs (D:3)
  6 bats
  2 giant cockroaches
  8 goblins
  6 hobgoblins
  7 jackals (D:1)
  A quokka (D:3)
  2 frilled lizards
  5 kobolds
  5 rats
63 creatures vanquished.

Notes
Turn   | Place    | Note
-------+----------+-------------------------------------------
     0 | D:1      | Kairos the Vine Stalker Assassin began the quest for the
                  | Orb.
     0 | D:1      | Reached XP level 1. HP: 11/11 MP: 2/2
    59 | D:1      | Reached skill level 5 in Stealth
    62 | D:1      | Reached XP level 2. HP: 14/15 MP: 3/3
   265 | D:1      | Reached skill level 1 in Dodging
   273 | D:1      | Reached XP level 3. HP: 9/18 MP: 4/4
  1077 | D:2      | Noticed Jessica
  1086 | D:2      | Killed Jessica
  1086 | D:2      | Gained mutation: Your natural rate of healing is unusually
                  | fast. [Vine Stalker growth]
  1086 | D:2      | Reached XP level 4. HP: 20/23 MP: 3/5
  1196 | D:2      | Reached skill level 6 in Stealth
  1460 | D:3      | Reached XP level 5. HP: 26/26 MP: 6/6
  1677 | D:3      | Reached skill level 1 in Armour
  1789 | D:3      | Reached XP level 6. HP: 32/32 MP: 7/7
  2047 | D:3      | Slain by a gnoll

Skill      XL: |  1  2  3  4  5 |
---------------+----------------+-----
Short Blades   | 2 3 |  3.2
Stealth        | 5 6 |  6.6
Dodging        | 1 2 |  2.0
Fighting       | 2 |  2.4
Armour         | 1 |  1.2
Throwing       | |  1.7

Action                   |  1- 3 |  4- 6 || total
-------------------------+-------+-------++-------
Melee: Dagger            |    78 |   125 ||   203
       Bite              |    17 |    33 ||    50
  Use: Scroll            |     1 |     6 ||     7
       Potion            |       |     4 ||     4
 Stab: Sleeping          |     6 |     6 ||    12
       Distracted        |       |     1 ||     1
  Eat: Chunk             |       |     3 ||     3
Armor: Robe              |    24 |       ||    24
       Leather armour    |     4 |    21 ||    25
Dodge: Dodged            |    53 |    83 ||   136
